 Dungeon Crawl Stone Soup version 0.30-a0-672-gc3a7216ad8 (webtiles) character file.

Game seed: 2082900543819514690

47 QueenGhuleh the Trooper (level 3, -2/51 HPs)
             Began as a Minotaur Berserker on Jan 18, 2023.
             Was a Believer of Trog.
             Slain by a gnoll
             ... wielding a +0 spear
              (4 damage)
             ... on level 2 of the Dungeon.
             The game lasted 00:01:40 (1131 turns).

QueenGhuleh the Trooper (Minotaur Berserker)        Turns: 1131, Time: 00:01:40

Health: -2/51      AC:  2    Str: 23    XL:     3   Next: 48%
Magic:  2/2        EV: 12    Int:  4    God:    Trog [**....]
Gold:   86         SH:  0    Dex:  9    Spells: 2/2 levels left

rFire   . . .      SeeInvis .    a - +0 hand axe
rCold   . . .      Faith    .    (no shield)
rNeg    . . .      Spirit   .    b - +0 animal skin
rPois   .          Reflect  .    (helmet restricted)
rElec   .          Harm     .    (no cloak)
rCorr   .          Rampage  .    (no gloves)
Will    .....                    (no boots) Stlth
                                 (no amulet)
HPRegen 0.28/turn                (no ring)
MPRegen 0.08/turn                (no ring)

@: berserking, very quick
A: horns 2, retaliatory headbutt
a: Renounce Religion, Berserk, Trog's Hand


You were on level 2 of the Dungeon.
You worshipped Trog.
Trog was pleased with you.
You visited 1 branch of the dungeon, and saw 2 of its levels.

You collected 86 gold pieces.

Inventory:

Hand Weapons
 a - a +0 hand axe (weapon)
Armour
 b - a +0 animal skin (worn)
Jewellery
 e - a ring of resist corrosion
Scrolls
 d - 2 scrolls of enchant weapon {unknown}
 g - a scroll of fear {unknown}
Potions
 c - a potion of cancellation {unknown}
 f - 2 potions of heal wounds {unknown}


   Skills:
 + Level 4.5 Fighting
 + Level 4.3 Axes
 + Level 2.8 Armour
 + Level 2.4 Dodging
 + Level 0.5 Stealth


You had 2 spell levels left.
You didn't know any spells.
Your spell library was empty.

Dungeon Overview and Level Annotations

Branches:
Dungeon (2/15)

Altars:


Innate Abilities, Weirdness & Mutations

You have a pair of horns on your head.
You reflexively headbutt those who attack you in melee.


Message History

A gnoll comes into view. It is wielding a +0 spear.
Found 4 stones.
A gnoll is nearby!
The gnoll shouts!
A gnoll comes into view. It is wielding a +0 whip.
A gnoll comes into view. It is wielding a +0 club.
The gnoll shouts! x2; You hear a shout!
A gnoll comes into view. It is wielding a +0 spear.
A goblin comes into view. It is wielding a +0 dagger.
The gnoll shouts!
The goblin shouts!
You barely miss the gnoll. Your headbutt misses the gnoll.
The gnoll hits you from afar with a +0 spear!
A hobgoblin comes into view.
You slash the gnoll! You headbutt the gnoll.
The gnoll is severely wounded.
The gnoll barely misses you.
A kobold comes into view. It is wielding a +0 dagger.
You hit the gnoll.
You kill the gnoll!
Trog accepts your kill.
You hit the gnoll.
The gnoll hits you from afar with a +0 spear!
The gnoll hits you with a +0 whip.
You are too injured to fight recklessly!
You are too injured to fight recklessly!
A red film seems to cover your vision as you go berserk!
You feel yourself moving faster!
You feel mighty!
The gnoll hits you from afar with a +0 spear.
The gnoll hits you from afar with a +0 spear!
* * * LOW HITPOINT WARNING * * *
The gnoll hits you with a +0 whip!
* * * LOW HITPOINT WARNING * * *
You are too injured to fight recklessly!
You are too injured to fight recklessly!
You are too injured to fight recklessly!
You are too injured to fight recklessly!
You slash the gnoll!
The gnoll is almost dead.
The gnoll hits you from afar with a +0 spear.
You die...

#####
#############....
###
#.............###
#...##.#############
#..g)@.#
.....gg..g..K..
##.#...######## #..#
#g. ... ##. #.


You could see 3 gnolls, a hobgoblin, a goblin and a kobold.

Vanquished Creatures
  A gnoll (D:2)
  An adder (D:2)
  A worm (D:2)
  2 endoplasms (D:1)
  3 goblins
  5 hobgoblins
  2 quokkas
  4 ball pythons
  2 bats
  3 frilled lizards (D:1)
  A kobold (D:1)
  A rat (D:1)
26 creatures vanquished.

Notes
Turn   | Place    | Note
-------+----------+-------------------------------------------
     0 | D:1      | QueenGhuleh the Minotaur Berserker began the quest for the
                  | Orb.
     0 | D:1      | Reached XP level 1. HP: 19/19 MP: 0/0
   407 | D:1      | Reached XP level 2. HP: 27/27 MP: 1/1
   480 | D:1      | Found a faded altar of an unknown god.
   977 | D:2      | Reached ** piety under Trog
  1043 | D:2      | Reached XP level 3. HP: 34/34 MP: 2/2
  1130 | D:2      | HP: 2/51 [gnoll/+0 whip (7)]
  1131 | D:2      | Slain by a gnoll

Illustrated notes

Levels and vault maps discovered:
D:1:      roderic_dead_forest, layout_basic, hellmonk_ecumenical_altar_lost_god,
          serial_glass, glass_columns_b, glass_columns_b, hex_intersection
D:2:      layout_loops_ring

Skill      XL: |  1  2 |
---------------+-------+-----
Fighting       | 4 |  4.5
Axes           | 4 |  4.3
Armour         | |  2.8
Dodging        | |  2.4
Stealth        | |  0.5

Action                   || total
-------------------------++-------
Melee: Hand axe          ||    54
       Headbutt          ||     8
Invok: Berserk           ||     2
Armor: Animal skin       ||     9
Dodge: Dodged            ||    35

Table legend: (Time is in decaauts)
 A = Elapsed time spent in this place.
 B = Non-inter-level travel time spent in this place.
 C = Inter-level travel time spent in this place.
 D = Time resting spent in this place.
 E = Time spent auto-exploring this place.
 F = Levels seen in this place.
 G = Mean time per level.
                   A        B        C        D        E       F      G
               +--------+--------+--------+--------+--------+-----+--------+
         Total |   1148 |   1133 |     15 |      0 |    972 |   2 |  574.0 |
       Dungeon |   1148 |   1133 |     15 |      0 |    972 |   2 |  574.0 |
               +--------+--------+--------+--------+--------+-----+--------+

Top non-repeatable levels by time:
     D:1: 898 daAuts
     D:2: 250 daAuts
